 Dungeon Crawl Stone Soup version 0.24.0-1-gfbc8707122 (console) character file.

Game seed: 11299348361383291779, levelgen mode: deterministic

3802 AlterAsc the Thaumaturge (level 9, -13/45 HPs)
             Began as a Deep Elf Conjurer on Oct 26, 2019.
             Was a Priest of Vehumet.
             Mangled by Harold
             ... wielding a +0 mace
              (15 damage)
             ... on level 7 of the Dungeon.
             The game lasted 00:41:45 (6724 turns).

AlterAsc the Thaumaturge (Deep Elf Conjurer)        Turns: 6724, Time: 00:41:46

Health: -13/45     AC:  4    Str:  5    XL:     9   Next: 96%
Magic:  6/35       EV:  9    Int: 24    God:    Vehumet [***...]
Gold:   464        SH:  0    Dex: 15    Spells: 10/31 levels left

rFire    . . .     SeeInvis .   t - +0 rapier (venom)
rCold    . . .     Gourm    .   (no shield)
rNeg     . . .     Faith    .   a - +0 robe
rPois    +         Spirit   .   (no helmet)
rElec    .         Reflect  .   (no cloak)
rCorr    .         Harm     .   j - +0 pair of gloves
MR       .....                  f - +0 pair of boots
Stlth    ++........             G - amulet of magic regeneration
HPRegen  1.15/turn              p - ring of magical power
MPRegen  0.49/turn              B - ring of poison resistance

@: about to teleport, marked, held, regenerating
A: no striking features
a: Renounce Religion


You were on level 7 of the Dungeon.
You worshipped Vehumet.
Vehumet was most pleased with you.
You were not hungry.

You visited 1 branch of the dungeon, and saw 8 of its levels.

You collected 464 gold pieces.

Inventory:

Hand Weapons
 s - a +0 short sword
 t - a +0 rapier of venom (weapon)
 y - a +1 scythe of slicing
 N - a +5 morningstar
Missiles
 g - 7 boomerangs of dispersal (quivered)
 r - 132 arrows
Armour
 a - a +0 robe (worn)
 f - a +0 pair of boots (worn)
 j - a +0 pair of gloves (worn)
 l - a scarf of spirit shield
 q - a +0 robe
Jewellery
 p - a ring of magical power (left hand)
 B - a ring of poison resistance (right hand)
 G - an amulet of magic regeneration (around neck)
 H - a cursed +3 ring of evasion {unknown}
 I - a cursed -2 ring of strength {unknown}
Wands
 K - a wand of iceblast (2)
Scrolls
 b - 2 scrolls of identify
 h - 3 scrolls of fear {unknown}
 i - a scroll of fog {unknown}
 n - a scroll of enchant armour {unknown}
 o - a scroll of immolation {unknown}
 u - a scroll of torment {unknown}
 x - 2 scrolls of enchant weapon {unknown}
 A - 2 scrolls of remove curse {unknown}
 C - a scroll of amnesia {unknown}
 E - a scroll of magic mapping {unknown}
 M - a scroll of acquirement {unknown}
Potions
 e - 5 potions of curing
 k - 2 potions of agility
 m - 3 potions of heal wounds {unknown}
 v - 3 potions of magic {unknown}
 w - a potion of might {unknown}
 z - a potion of flight {unknown}
 D - 3 potions of resistance {unknown}
 F - a potion of ambrosia {unknown}
 L - a potion of mutation {unknown}
Comestibles
 c - 10 rations
 J - 8 chunks of flesh


   Skills:
 + Level 7.7 Dodging
 - Level 2.6 Stealth
 * Level 11.6 Spellcasting
 + Level 10.0 Conjurations
 + Level 3.5 Charms
 + Level 3.0 Necromancy
 + Level 2.6 Translocations
 + Level 0.0 Evocations


You had 10 spell levels left.
You knew the following spells:

 Your Spells              Type           Power        Failure   Level  Hunger
a - Magic Dart            Conj           ####         1%          1    None
b - Searing Ray           Conj           ######       1%          2    None
c - Dazzling Spray        Conj/Hex       #####.       1%          3    None
d - Iskenderun's Mystic   Conj           ######..     1%          4    None
e - Force Lance           Conj/Tloc      #####...     1%          4    None
f - Regeneration          Chrm/Necr      ####......   3%          3    None
g - Airstrike             Air            ##........   12%         4    None

Your spell library contained the following spells:

 Spells                   Type           Power        Failure   Level  Hunger
 Animate Skeleton         Necr           N/A          1%          1    None
 Pain                     Necr           ####         1%          1    None
 Fulminant Prism          Conj/Hex       #####.....   1%          4    None
 Vampiric Draining        Necr           ####......   3%          3    None
 Animate Dead             Necr           N/A          13%         4    None


Dungeon Overview and Level Annotations

Branches:
Dungeon (8/15)
 Temple: D:4-7         Lair: D:8-11

Altars:
Dithmenos
Fedhas
Hepliaklqana
Uskayaw
Vehumet
Wu Jian

Annotations:
D:7 Harold


Message History

The floor.
Casting: Iskenderun's Mystic Blast (safe; 1% risk of failure)
Confirm with . or Enter, or press ? or * to list all spells.
Okay, then.
Casting: Iskenderun's Mystic Blast (safe; 1% risk of failure)
Confirm with . or Enter, or press ? or * to list all spells.
Okay, then.
Casting: Iskenderun's Mystic Blast (safe; 1% risk of failure)
Confirm with . or Enter, or press ? or * to list all spells.
Your skin crawls.
The centaur wields a +0 shortbow.
The centaur shoots an arrow.
The arrow hits you!
* * * LOW HITPOINT WARNING * * *
You struggle against the net.
The centaur shoots an arrow.
The arrow closely misses you.
The centaur shoots an arrow.
The arrow hits you.
* * * LOW HITPOINT WARNING * * *
As you read the scroll of teleportation, it crumbles to dust.
You feel strangely unstable.
The centaur shoots an arrow.
The arrow hits you!
* * * LOW HITPOINT WARNING * * *
Harold hits you with a +0 mace!
You die...

####)# .# #....#
.# ## #...z# .#
z#...#....#.#.#
...⌠........#.
.#...#..........
##g##'##.$...#.
.. #@.)...###
#@))...'.
#..)...##
###...####
#.....# #####
#.....# ....#
####.....#
#....#.
...).....#
.....h.
........c###....#
...........h....#


You could see Harold and a centaur.

Vanquished Creatures
  A two-headed ogre (D:8)
  Joseph (D:8)
  Sigmund (D:3)
  A phantom (D:6)
  2 ice beasts
  An orc warrior (D:6)
  2 sky beasts
  6 ogres
  A centaur (D:8)
  A big kobold (D:8)
  A gnoll sergeant (D:7)
  A wyvern skeleton (D:6)
  2 scorpions
  5 wights
  2 howler monkeys
  4 crimson imps
  A bullfrog zombie (D:8)
  A quasit (D:8)
  2 orc priests (D:3)
  3 hounds
  A bullfrog skeleton (D:4)
  A centaur skeleton (D:7)
  An iguana (D:5)
  8 worker ants
  2 hound zombies (D:6)
  3 worker ant zombies
  11 gnolls
  10 adders
  A shadow imp (D:8)
  3 oozes
  A worm (D:2)
  4 dart slugs
  6 leopard geckos
  8 orcs
  8 giant cockroaches
  9 goblins
  7 hobgoblins
  5 jackals
  3 bats
  3 frilled lizards
  A jackal skeleton (D:5)
  9 kobolds
  A leopard gecko zombie (D:5)
  9 rats
154 creatures vanquished.

Notes
Turn   | Place    | Note
-------+----------+-------------------------------------------
     0 | D:1      | AlterAsc the Deep Elf Conjurer began the quest for the Orb.
     0 | D:1      | Reached XP level 1. HP: 10/10 MP: 6/6
   200 | D:1      | Reached XP level 2. HP: 15/15 MP: 4/8
   939 | D:1      | Learned a level 2 spell: Searing Ray
  1034 | D:2      | Reached XP level 3. HP: 18/19 MP: 2/10
  1225 | D:2      | Found a radiant altar of Vehumet.
  1233 | D:2      | Became a worshipper of Vehumet
  1301 | D:2      | Reached skill level 4 in Spellcasting
  1439 | D:2      | Found an ornate altar of the Wu Jian Council.
  1441 | D:2      | Found a blossoming altar of Fedhas.
  1614 | D:2      | Reached skill level 5 in Conjurations
  1934 | D:3      | Reached XP level 4. HP: 20/24 MP: 12/12
  2126 | D:3      | Reached * piety under Vehumet
  2126 | D:3      | Offered knowledge of Sandblast by Vehumet.
  2315 | D:3      | Noticed Sigmund
  2323 | D:3      | Learned a level 3 spell: Dazzling Spray
  2332 | D:3      | Killed Sigmund
  2332 | D:3      | Reached skill level 5 in Spellcasting
  2332 | D:3      | Reached XP level 5. HP: 21/28 MP: 14/15
  2399 | D:3      | Reached XP level 6. HP: 23/32 MP: 16/16
  2482 | D:3      | Reached skill level 6 in Spellcasting
  2939 | D:4      | Reached XP level 7. HP: 33/36 MP: 19/19
  3039 | D:4      | Reached skill level 7 in Spellcasting
  3101 | D:4      | Reached skill level 5 in Dodging
  3381 | D:5      | Entered Level 5 of the Dungeon
  3383 | D:5      | Offered knowledge of Sting by Vehumet.
  3476 | D:5      | Reached ** piety under Vehumet
  3682 | D:5      | Learned a level 4 spell: Iskenderun's Mystic Blast
  3757 | D:5      | Reached skill level 8 in Spellcasting
  3822 | D:5      | Reached XP level 8. HP: 41/41 MP: 16/22
  4847 | D:6      | Learned a level 4 spell: Force Lance
  5008 | D:6      | Reached skill level 9 in Spellcasting
  5090 | D:6      | Offered knowledge of Stone Arrow by Vehumet.
  5435 | D:7      | Noticed Harold
  5453 | D:7      | HP: 2/41 [wight/cursed +0 spear (1)]
  5893 | D:7      | Learned a level 3 spell: Regeneration
  6003 | D:8      | Found a hazy altar of Hepliaklqana.
  6003 | D:8      | Found a hide-covered altar of Uskayaw.
  6003 | D:8      | Found a shadowy altar of Dithmenos.
  6030 | D:8      | Reached skill level 10 in Spellcasting
  6031 | D:8      | Reached XP level 9. HP: 12/45 MP: 19/25
  6173 | D:8      | Reached *** piety under Vehumet
  6281 | D:8      | Noticed Joseph
  6288 | D:8      | Killed Joseph
  6288 | D:8      | Reached skill level 1 in Charms
  6288 | D:8      | Reached skill level 1 in Necromancy
  6288 | D:8      | Reached skill level 1 in Translocations
  6304 | D:8      | Offered knowledge of Airstrike by Vehumet.
  6467 | D:8      | Reached skill level 11 in Spellcasting
  6625 | D:8      | Noticed a two-headed ogre
  6632 | D:8      | Killed a two-headed ogre
  6632 | D:8      | Reached skill level 10 in Conjurations
  6643 | D:8      | Learned a level 4 spell: Airstrike
  6724 | D:7      | HP: 2/45 [centaur/arrow (9)]
  6724 | D:7      | Mangled by Harold

Levels and vault maps discovered:
D:1:      saegor_arrival_simple_c, layout_basic
D:2:      layout_loops_ring, vehumet_crystals, nicolae_overflow_hidden_temple,
          first_ration, minmay_octomino_c4
D:3:      layout_basic, roderic_roman_lattice, uniq_sigmund
D:4:      layout_loops_ring
D:5:      layout_loops_ring
D:6:      layout_loops_ring
D:7:      layout_basic, minitemple, minmay_temple_entry_nine_rooms, uniq_harold
D:8:      layout_rooms, gammafunk_temple_overflow_forgotten, uniq_joseph

Skill      XL: |  1  2  3  4  5  6  7  8  9 |
---------------+----------------------------+-----
Dodging        | 3 4 5 6 7 |  7.7
Spellcasting   | 4 5 6 8 10 11 | 11.6
Conjurations   | 5 6 7 9 10 | 10.0
Charms         | 3 |  3.5
Necromancy     | 3 |  3.0
Translocations | 2 |  2.6
Stealth        | |  2.6

Action                   |  1- 3 |  4- 6 |  7- 9 || total
-------------------------+-------+-------+-------++-------
 Cast: Magic Dart        |    71 |    70 |   147 ||   288
       Searing Ray       |     1 |    12 |    26 ||    39
       Dazzling Spray    |       |     2 |     1 ||     3
       Iskenderun's Myst |       |       |    45 ||    45
       Force Lance       |       |       |    24 ||    24
       Regeneration      |       |       |     3 ||     3
  Use: Scroll            |       |     1 |     5 ||     6
  Eat: Chunk             |     3 |     3 |     9 ||    15
       Ration            |       |       |     1 ||     1
Armor: Robe              |       |     4 |    11 ||    15
Dodge: Dodged            |     5 |     7 |    49 ||    61
